 Dungeon Crawl Stone Soup version 0.27-a0-1119-gbf574a6a6b (webtiles) character file.

Game seed: 172027132374635005

38 sizableburger the Skirmisher (level 3, -4/30 HPs)
             Began as a Djinni Abyssal Knight on May 2, 2021.
             Was a Believer of Lugonu.
             Slain by a bullfrog (6 damage)
             ... on level 2 of the Dungeon.
             The game lasted 00:04:06 (1399 turns).

sizableburger the Skirmisher (DjAK)                 Turns: 1399, Time: 00:04:06

Health: -4/30      AC:  3    Str: 11    XL:     3   Next: 43%
Gold:   29         EV: 11    Int: 14    God:    Lugonu [**....] SH:  0 Dex: 12

rFire    + + .     SeeInvis .   a - +1 hand axe
rCold    x . .     Faith    .   (no shield)
rNeg     . . .     Spirit   .   b - +0 leather armour
rPois    ∞         Reflect  .   (no helmet)
rElec    .         Harm     .   (no cloak)
rCorr    .         Rampage  .   (no gloves)
Will     .....                  (boots unavailable)
Stlth    +.........             (no amulet)
HPRegen  0.10/turn              (no ring)
MPRegen  0.00/turn              (no ring)

@: flying
A: fire resistance 2, cold vulnerability 1, float, innate caster, hp casting,
extra vitality 1
a: Renounce Religion, Depart the Abyss, Bend Space


You were on level 2 of the Dungeon.
You worshipped Lugonu.
Lugonu was pleased with you.
You visited 1 branch of the dungeon, and saw 2 of its levels.
You visited the Abyss 1 time.

You collected 29 gold pieces.

Inventory:

Hand Weapons
 a - a +1 hand axe (weapon)
Armour
 b - a +0 leather armour (worn)
 c - a +0 buckler
 d - a +0 kite shield
Scrolls
 e - 2 scrolls of amnesia
Potions
 f - a potion of mutation


   Skills:
 - Level 3.6 Fighting
 + Level 2.4 Axes
 - Level 1.0 Armour
 - Level 2.1 Dodging
 + Level 0.4 Shields
 - Level 1.7 Invocations


You had one spell level left.
You knew the following spells:

 Your Spells              Type           Power      Damage    Failure   Level
a - Beastly Appendage     Tmut           0%         N/A       36%         1
Your spell library was empty.

Dungeon Overview and Level Annotations

Branches:
Dungeon (2/15)

Altars:


Innate Abilities, Weirdness & Mutations

You are immune to poison.
Your flesh is very heat resistant. (rF++)
You are vulnerable to cold. (rC-)
You float through the air rather than walking.
You learn spells naturally, not from books.
Your magical power is your life essence.
You have superior vitality. (+4 HP)


Message History

An endoplasm comes into view.
Casting: Beastly Appendage (safe; 36% risk of failure)
Confirm with . or Enter, or press ? or * to list all spells.
You miscast Beastly Appendage.
You are very lightly contaminated with residual magic.
Nothing appears to happen.
The endoplasm quivers.
Casting: Beastly Appendage (safe; 36% risk of failure)
Confirm with . or Enter, or press ? or * to list all spells.
You grow a pair of large bovine horns.
A rat comes into view.
You miss the bullfrog.
The bullfrog hits you but does no damage.
A giant cockroach comes into view.
The bullfrog hits you.
You closely miss the bullfrog. The bullfrog barely misses you.
The bullfrog hits you.
You hit the bullfrog.
The bullfrog is moderately wounded.
The bullfrog hits you.
A worm comes into view.
The bullfrog misses you.
You hit the bullfrog.
The bullfrog is heavily wounded.
The bullfrog hits you. x2
* * * LOW HITPOINT WARNING * * *
Your magical contamination has completely faded away.
Okay, then.
Space bends around you!
You blink.
Unknown command.
Your horns disappear.
Space bends around you!
You blink.
The rat twitches its whiskers.
The rat closely misses you. The giant cockroach closely misses you.
The bullfrog barely misses you.
The bullfrog hits you but does no damage.
Found 11 arrows.
The bullfrog hits you.
You die...

. ##. #### #..
...(. #.# ### ...
#.# .... ... #.#
..... #.##.#....#
#...@.....#
###F#......)
##..B....#.##
#......#...#
#rJ#...#.".#
#..#...# .... #
#..###.# ...
#.##########.r....#
...
#.#..........##...#


You could see a bullfrog, an endoplasm, a giant cockroach and a rat.

Vanquished Creatures
  An adder (D:2)
  2 dart slugs (D:1)
  An endoplasm (D:1)
  3 goblins (D:1)
  3 hobgoblins (D:1)
  4 jackals (D:1)
  A quokka (D:2)
  A ball python (D:2)
  A bat (D:1)
  4 frilled lizards
  2 kobolds (D:1)
  A rat (D:1)
24 creatures vanquished.

Notes
Turn   | Place    | Note
-------+----------+-------------------------------------------
     0 | Abyss:1  | sizableburger the Djinni Abyssal Knight began the quest for
                  | the Orb.
     0 | Abyss:1  | Reached XP level 1. HP: 20/20 MP: 0/0
    23 | Abyss:1  | Found a corrupted altar of Lugonu.
    34 | D:1      | Escaped the Abyss
   365 | D:1      | Reached XP level 2. HP: 25/25 MP: 0/0
   400 | D:1      | Found a faded altar of an unknown god.
   609 | D:1      | Reached ** piety under Lugonu
   610 | D:1      | Reached XP level 3. HP: 16/30 MP: 0/0
   610 | D:1      | Learned a level 1 spell: Beastly Appendage
  1377 | D:2      | Noticed a bullfrog
  1399 | D:2      | Slain by a bullfrog

Illustrated notes

Levels and vault maps discovered:
D:1:      dpeg_arrival_ternary, layout_rooms, basic_ecumenical_altar,
          serial_corexii_hall, chequers_hall_statues_y, corexii_hall_statues_i,
          corexii_hall_statues_u, serial_shops, shop,
          chequers_hall_statues_corner_a, minmay_tree_intersection,
          hangedman_decor_opposing
D:2:      layout_basic, amcnicky_mini_pool_small, uniq_jessica

Skill      XL: |  1  2 |
---------------+-------+-----
Axes           | 2 |  2.4
Fighting       | |  3.6
Armour         | |  1.0
Dodging        | |  2.1
Shields        | |  0.4
Invocations    | |  1.7

Action                   || total
-------------------------++-------
Melee: Hand axe          ||    77
 Cast: Beastly Appendage ||     1
Invok: Bend Space        ||     5
  Use: Scroll            ||     3
 Stab: Sleeping          ||     1
Armor: Leather armour    ||    16
Dodge: Dodged            ||    54

Table legend: (Time is in decaauts)
 A = Elapsed time spent in this place.
 B = Non-inter-level travel time spent in this place.
 C = Inter-level travel time spent in this place.
 D = Time resting spent in this place.
 E = Time spent auto-exploring this place.
 F = Levels seen in this place.
 G = Mean time per level.
                   A        B        C        D        E       F      G
               +--------+--------+--------+--------+--------+-----+--------+
         Total |   1414 |   1414 |      0 |    864 |    204 |   3 |  471.3 |
       Dungeon |   1380 |   1380 |      0 |    864 |    193 |   2 |  690.0 |
         Abyss |     34 |     34 |      0 |      0 |     11 |   1 |   34.0 |
               +--------+--------+--------+--------+--------+-----+--------+

Top non-repeatable levels by time:
     D:1: 713 daAuts
     D:2: 666 daAuts
 Abyss:1: 34 daAuts
